 Dungeon Crawl Stone Soup version 0.22-a0-799-g88f5e90 (webtiles) character file.

14 Amnesiac the Digger (level 2, -1/19 HPs)
             Began as a Mummy Earth Elementalist on July 21, 2018.
             Slain by a worker ant (3 damage)
             ... on level 4 of the Dungeon.
             The game lasted 00:00:42 (391 turns).

Amnesiac the Digger (Mummy Earth Elementalist)       Turns: 391, Time: 00:00:43

Health: -1/19      AC:  2    Str: 11    XL:     2   Next: 27%
Magic:  4/5        EV: 12    Int: 18    God:
Gold:   18         SH:  0    Dex: 12    Spells: 3/6 levels left

rFire    x . .     SeeInvis .   e - +0 whip
rCold    + . .     Gourm    .   (no shield)
rNeg     + + +     Faith    .   c - +0 robe
rPois    ∞         Spirit   .   (no helmet)
rElec    .         Reflect  .   (no cloak)
rCorr    .         Harm     .   (no gloves)
MR       .....                  (no boots)
Stlth    ++........             (no amulet)
HPRegen  0.06/turn              g - +4 ring of intelligence
MPRegen  0.09/turn              (no ring)

@: about to teleport
A: no food or potions, fire vulnerability, cold resistance 1, negative energy
resistance 3, torment resistance, unbreathing
a: no special abilities


You were on level 4 of the Dungeon.
You were not hungry.

You visited 1 branch of the dungeon, and saw 4 of its levels.

You collected 18 gold pieces.

Inventory:

Hand Weapons
 e - a +0 whip (weapon)
Missiles
 b - 59 stones (quivered)
Armour
 c - a +0 robe (worn)
Jewellery
 g - a +4 ring of intelligence (left hand)


   Skills:
 - Level 1.5 Dodging
 - Level 1.5 Stealth
 + Level 2.7 Spellcasting
 - Level 0.7 Transmutations
 * Level 3.0 Earth Magic


You had 3 spell levels left.
You knew the following spells:

 Your Spells              Type           Power        Failure   Level  Hunger
a - Sandblast             Erth           ##....       4%          1    N/A
b - Passwall              Tmut/Erth      #.......     12%         2    N/A

Your spell library contained the following spells:

 Spells                   Type           Power        Failure   Level  Hunger
 Stone Arrow              Conj/Erth      #.....       26%         3    N/A
 Lee's Rapid Deconstruct  Erth           ##........   78%         5    N/A
 Petrify                  Tmut/Erth      #.......     58%         4    N/A

Dungeon Overview and Level Annotations

Branches:
Dungeon (4/15)
 Temple: D:4-7

Altars:

Annotations:
D:3 Robin


Innate Abilities, Weirdness & Mutations

You do not eat or drink.
Your flesh is vulnerable to fire.
You are immune to poison.
Your flesh is cold resistant. (rC+)
You are immune to negative energy. (rN+++)
You are immune to unholy pain and torment.
You can survive without breathing.


Message History

You hit the rat.
You kill the rat!
No target in view!
You start resting.
Magic restored.
There is a stone staircase leading down here.
A goblin comes into view.
It is wielding a club. 3 goblins and Robin come into view.
Robin shouts!
The goblin shouts!
You hear a shout! x3
Robin roars a battlecry!
The goblins go into a battle-frenzy!
A goblin comes into view. It is wielding a dagger.
A goblin comes into view.
A goblin comes into view. It is wielding a club.
The goblin shouts! x2
A goblin comes into view.
The goblin shouts!
A goblin comes into view. It is wielding a dagger.
There is a stone staircase leading up here.
Robin throws the goblin at you! The goblin hits you but does no damage.
The goblin shouts!
You hear a shout!
The goblin hits you.
* * * LOW HITPOINT WARNING * * *
A bat comes into view.
There is a stone staircase leading down here.
The goblin completely misses you.
You climb downwards.
You hear the sound of rushing water.
There is an entrance to a sewer on this level.
Hurry and find it before the portal rusts away!
A worker ant, a scorpion and 3 orcs come into view.
An orc is wielding a hand axe of electrocution.
The orc shouts!
Found a leather armour and a quarterstaff.
Found two stone staircases leading down.
There is a stone staircase leading up here.
Casting: Sandblast (safe; 4% risk of failure)
Confirm with . or Enter, or press ? or * to list all spells.
Aiming: Sandblast (safe; 4% risk of failure)
Press: ? - help, Shift-Dir - straight line, f - goblin
Aim: a goblin (unusually strong)
The blast of sand hits the goblin.
You kill the goblin!
b - 59 stones The worker ant twitches its antennae in your direction.
The orc shouts!
You hear a shout!
An orc wizard comes into view. It is wielding a dagger.
Unknown command.
Really read
a - a scroll labeled BAH WAGGAXKULEY {!r}?
As you read the scroll labeled BAH WAGGAXKULEY {!r}, it crumbles to dust.
You experience a momentary feeling of inescapable doom!
It was a scroll of random uselessness {!r}.
The worker ant barely misses you. The worker ant bites you.
* * * LOW HITPOINT WARNING * * *
Found 7 stones.
Really read
d - a scroll labeled PIECOLEMINT {!r}?
As you read the scroll labeled PIECOLEMINT {!r}, it crumbles to dust.
You feel blessed for a moment.
It was a scroll of remove curse {!r}.
The worker ant bites you.
* * * LOW HITPOINT WARNING * * *
Really read
f - a scroll labeled PABOIRPH HUNETH {!r}?
As you read the scroll labeled PABOIRPH HUNETH {!r}, it crumbles to dust.
You feel strangely unstable.
It was a scroll of teleportation {!r}.
The worker ant bites you.
You die...

#..........
.......... .
.o.....#. ..
#o†.....# ...
#oo.....# ....
#.......# .....
#s.....##
......##a#...##
.......@.#####
###......#
#.####.# #. #.#
#.. ##.# .( #..


You could see a scorpion, a worker ant, an orc wizard and 3 orcs.

Vanquished Creatures
  An adder (D:3)
  A goblin (D:4)
  A hobgoblin (D:3)
  A quokka (D:3)
  A rat (D:3)
5 creatures vanquished.

Notes
Turn   | Place    | Note
-------+----------+-------------------------------------------
     0 | D:1      | Amnesiac the Mummy Earth Elementalist began the quest for the Orb.
     0 | D:1      | Reached XP level 1. HP: 13/13 MP: 4/4
   156 | D:3      | Reached skill level 3 in Earth Magic
   156 | D:3      | Reached XP level 2. HP: 19/19 MP: 2/5
   160 | D:3      | Learned a level 2 spell: Passwall
   376 | D:3      | Noticed Robin
   383 | D:4      | Noticed a scorpion
   391 | D:4      | Slain by a worker ant

Vault maps used:
D:1:      dpeg_arrival_simpleton_a, minmay_pentomino_o4
D:3:      grunt_decor_arrowhead, nicolae_ru_awakened_eye, uniq_robin,
          uniq_terence
D:4:      minmay_temple_entry_poolview, cheibrodos_sewer_entry_bend,
          first_ration

Skill      XL: |  1 |
---------------+----+-----
Earth Magic    | 3 |  3.0
Dodging        | |  1.5
Stealth        | |  1.5
Spellcasting   | |  2.7
Transmutations | |  0.7

Action                   || total
-------------------------++-------
Melee: Whip              ||     4
 Cast: Sandblast         ||     6
  Use: Scroll            ||     3
 Stab: Sleeping          ||     1
Armor: Robe              ||     1
Dodge: Dodged            ||     4

Table legend:
 A = Spawn XP
 B = Non-spawn XP
 C = Spawn XP percentage of total XP
 D = Spawn monster count
 E = Non-spawn monster count
 F = Spawn count percentage of total count
 G = Total turns spent on level
                    A         B        C        D         E        F      G
               +---------+---------+-------+---------+---------+-------+---------
         Total |       0 |      20 |   0.0 |       0 |       5 |   0.0 |   391
               +---------+---------+-------+---------+---------+-------+---------
           D:3 |       0 |      18 |   0.0 |       0 |       4 |   0.0 |   238
           D:4 |       0 |       2 |   0.0 |       0 |       1 |   0.0 |     8
               +---------+---------+-------+---------+---------+-------+---------
